Map: Prion Terraces

Players

ShadowStorm - Winner!

  • Race: Zerg Zerg
  • League: Gold

lesha

  • Race: Terran Terran
  • League: Silver

VOD

Have the link to the VOD?

Description

Time

  • Played on: Jan. 4, 2016, 8:43 a.m.
  • Length: 9:33
Show
View Real Time Build Order
Export as new Build Order

ShadowStorm Zerg - Winner!

Build Orders: Hatch First 

Get SALT Encoding   

  12  0:01  Drone  
  13  0:12  Overlord  
  13  0:17  Drone  
  14  0:31  Drone  
  14  0:32  Drone  
  14  0:34  Drone  
  17  0:45  Drone  
  18  0:59  Hatchery  
  18  1:02  Drone  
  18  1:07  Drone  
  19  1:20  Drone, Spawning Pool  
  19  1:38  Drone, Extractor  
  19  1:40  Overlord  
  19  1:49  Drone  
  20  2:00  Drone  
  21  2:07  Queen  
  23  2:09  Roach Warren  
  23  2:11  Queen  
  23  2:12  Drone  
  23  2:15  Drone  
  26  2:21  Zergling x2  
  27  2:34  Extractor  
  26  2:37  Spore Crawler  
  26  2:41  Zergling x6  
  28  2:55  Drone x4  
  34  3:14  Lair  
  34  3:15  Extractor  
  33  3:21  Drone x3  
  33  3:23  Overlord x2  
  36  3:27  Overlord  
  36  3:41  Drone  
  36  3:42  Drone x4  
  41  3:52  Drone  
  41  3:53  Drone x6  
  48  3:56  Extractor  
  48  3:57  Pneumatized Carapace  
  47  4:15  Glial Reconstitution  
  47  4:17  Queen  
  47  4:22  Metabolic Boost  
  47  4:24  Roach x3  
  51  4:27  Roach  
  57  4:32  Overlord  
  57  4:34  Drone  
  58  4:39  Overlord, Queen  
  58  4:42  Overseer  
  60  5:24  Overlord  
  60  5:25  Hatchery, Overlord x3  
  60  5:27  Roach x7  
  60  5:28  Roach  
  75  5:56  Drone x2  
  77  5:59  Drone x4  
  77  6:02  Extractor  
  80  6:18  Overlord x3  
  80  6:19  Evolution Chamber  
  80  6:20  Roach x7  
  80  6:21  Evolution Chamber  
  91  6:42  Drone x2  
  91  6:43  Drone  
  91  6:44  Drone x2  
  91  6:45  Overlord  
  96  6:51  Zerg Missile Weapons Level 1  
  96  6:52  Zerg Ground Armor Level 1  
  96  7:21  Roach  
  96  7:22  Roach x11  
  79  8:00  Roach x3  
  79  8:01  Roach x9  
  103  8:25  Roach x9  
  103  8:26  Roach x4  
  125  8:47  Overlord x3  
  125  8:48  Overlord x3  
  125  9:12  Roach x4  
  125  9:13  Roach x8  
Show
View Real Time Build Order
Export as new Build Order

lesha Terran 

Build Orders:  

Get SALT Encoding   

  12  0:01  SCV  
  13  0:13  SCV  
  14  0:20  Supply Depot  
  14  0:25  SCV  
  15  0:31  Refinery  
  15  0:42  SCV  
  16  0:46  Barracks  
  16  0:54  SCV  
  17  1:06  SCV  
  18  1:18  SCV  
  20  1:32  Reaper  
  20  1:40  Supply Depot  
  20  1:42  Orbital Command  
  20  1:57  Factory  
  20  2:12  SCV  
  21  2:18  Barracks Reactor  
  21  2:24  SCV  
  21  2:25  Command Center  
  21  2:27  Refinery  
  22  2:41  SCV  
  23  2:53  SCV  
  23  2:56  Marine x2  
  25  3:05  SCV  
  25  3:08  Factory Tech Lab  
  25  3:10  Factory Reactor  
  26  3:22  Barracks x2  
  26  3:28  Supply Depot x2, Starport  
  26  3:36  Marine x2  
  26  3:39  SCV  
  29  3:51  SCV  
  30  3:59  Marine x2  
  30  4:00  Bunker  
  30  4:02  Hellion x2  
  36  4:03  SCV  
  36  4:06  Starport Reactor  
  37  4:14  Orbital Command  
  37  4:15  SCV  
  38  4:20  Marine x2  
  38  4:21  Barracks Reactor, Barracks Tech Lab  
  40  4:28  Barracks  
  40  4:30  Hellion  
  43  4:38  SCV  
  43  4:39  Marine  
  43  4:40  Marine  
  43  4:44  Marauder  
  47  4:50  SCV  
  47  4:52  SCV  
  49  4:58  Stimpack  
  49  5:01  Medivac  
  49  5:02  SCV, Medivac  
  49  5:03  Marine  
  49  5:04  SCV  
  56  5:12  Marine  
  56  5:13  Marine x2  
  59  5:23  Marine x2  
  62  5:35  SCV  
  62  5:37  Supply Depot  
  62  5:38  Supply Depot  
  62  5:40  SCV, Hellion x2  
  67  5:44  Marine x3  
  67  5:49  Barracks Reactor  
  70  5:58  SCV x2, Medivac x2, Marine x2  
  78  6:08  Marine x3  
  81  6:22  Barracks  
  81  6:23  Factory Tech Lab  
  77  6:34  Marine x6  
  77  6:36  Medivac  
  85  6:40  Command Center  
  85  6:47  SCV  
  85  6:48  Engineering Bay  
  85  6:50  Engineering Bay  
  86  7:01  Supply Depot  
  86  7:05  Supply Depot  
  86  7:17  SCV, Marine, Marauder  
  86  7:18  Marine  
  61  7:43  Marine  
  61  7:44  Marine x6  
  60  8:01  Marine x3  
  60  8:02  Marine x4  
  60  8:04  SCV  
  68  8:05  Orbital Command  
  68  8:08  SCV  
  65  8:16  SCV  
  65  8:19  Marine x2  
  65  8:23  Marine x3  
  65  8:24  Marine x2  
  61  8:37  Marine x2  
  61  8:41  Marine x5  
  63  8:55  Marine x2, Medivac x2  
  68  8:59  Marine x5  
  76  9:12  Marine  
  76  9:13  Marine  
  62  9:17  Barracks  
  62  9:21  Barracks  
Tags
 
Add a new tag
Caveats
  • Supply blocks, unpowered buildings, or Contaminate may cause inaccurate times.
  • Supply counts are checked every 10 seconds.